Unix NetHack Version 5.0.0-0 post-release - last build Jul 19 2026 19:10:59 (3aa4ab31751d3886436d94b585a96704892fd477,branch:main).

Game began 2026-07-20 17:31:14, ended 2026-07-20 19:04:33.

Barrb, neutral female human Barbarian

                                                      -----             -----
                                                     --.......-----   ---..<|
                                                     |..--.........|---.....|
                                                     |..|--------..|....|.
                                                     |.[|        -......
                                                      .[|  ----   ...
                                                     .dd----..|
                                                     .@d.|....|
                                                     .dd......|
                                                      .---....|
                                                       |......|
                                                       --....--
                                     ..                 --...|
                                                         -----



                                         .

Barrb the Bandit           St:25 Dx:16 Co:18 In:7 Wi:8 Ch:8  Neutral
Dlvl:6  $:0  HP:0(70) Pw:19(19) AC:7  Xp:6 T:4695  Burdened

Latest messages:
 You kill the wolf!
 Your kitten eats a wolf corpse.
 You stop.  Your kitten is in the way!
 You swap places with your kitten.
 You hear a wolf howling at the moon.
 It is hit.
 You swap places with your kitten.
 You miss the wolf.
 The wolf bites!
 You kill the wolf!
 The kitten misses it.
 You swap places with your kitten.
 You kill the dwarf!
 The wolf bites!
 You miss the wolf.
 The wolf bites!
 The wolf bites!
 You smite the wolf!
 The wolf bites!
 You kill the wolf!
 The kitten picks up a dwarvish cloak.
 The kitten drops a dwarvish cloak.
 You see here a dwarvish cloak.
 You swap places with your kitten.
 You see here a dwarvish cloak.
 The kitten picks up a dwarvish cloak.
 The werewolf thrusts her elven short sword.
 The werewolf hits!
 The werewolf changes into a wolf.
 The werewolf drops an elven short sword.
 You kill the dwarf!
 The werewolf bites!
 You feel feverish.
 The werewolf bites!
 There is a dwarf corpse here; eat it? [ynq] (n) y
 This dwarf corpse is gamey.
 The werewolf summons help!
 A wolf suddenly appears next to you!
 You stop eating the dwarf corpse.
 A wolf suddenly appears next to you!
 A wolf suddenly appears next to you!
 A winter wolf suddenly appears next to you!
 The werewolf bites!
 The winter wolf bites!
 The wolf bites!
 The wolf bites!
 The wolf bites!
 The werewolf bites!
 You die...
 Do you want your possessions identified? [ynq] (y) q

Inventory:
 Weapons  (')')
  p - 2 +0 arrows
  V - 4 +2 darts
  M - 22 +0 darts
  b - a +0 axe (alternate weapon; not wielded)
  a - a +0 two-handed sword (weapon in hands)
 Armor    ('[')
  N - a cursed -1 dwarvish iron helm
  q - an uncursed +0 pair of gauntlets of power (being worn)
  L - an uncursed +0 pair of iron shoes
  C - an uncursed +3 cloak of magic resistance
  O - a cursed -1 dwarvish cloak
  P - an uncursed +0 dwarvish mithril-coat
  B - an uncursed +0 elven mithril-coat
  c - an uncursed rusty +0 ring mail (being worn)
 Comestibles  ('%')
  D - 2 cursed cram rations
  Q - an uncursed cream pie
  d - an uncursed food ration
  E - 2 cursed food rations
 Scrolls  ('?')
  e - an uncursed scroll of charging
  f - an uncursed scroll of destroy armor
  u - a blessed scroll of enchant armor
  k - an uncursed scroll of enchant weapon
  y - 2 uncursed scrolls of identify
  s - an uncursed scroll of remove curse
 Potions  ('!')
  g - 2 uncursed potions of healing
  U - an uncursed potion of sickness
  j - an uncursed potion of water
 Rings    ('=')
  F - a cursed ring of cold resistance
  G - a cursed ring of invisibility
 Wands    ('/')
  R - a wand of slow monster (0:7)
  m - a wand of slow monster (0:6)
  n - a wand of speed monster (0:2)
  H - a cursed wand of striking (0:3)
 Tools    ('(')
  S - a cursed magic lamp
  I - a cursed magic marker (0:21)
  J - an uncursed towel
 Gems/Stones  ('*')
  o - an uncursed amber stone
  x - an uncursed worthless piece of yellow glass
  K - an uncursed worthless piece of yellowish brown glass

Barrb the Barbarian's attributes:

Background:
 You were a Bandit, a level 6 female human Barbarian.
 You were neutral, on a mission for Crom
 who was opposed by Mitra (lawful) and Set (chaotic).
 You were right-handed.
 You were in the Gnomish Mines, on level 6.
 You entered the dungeon 4695 turns ago.
 You had 637 experience points, 3 more were needed to attain level 7.

Basics:
 You had 0 out of 70 hit points.
 You had all 19 energy points (spell power).
 Your armor class was 7.
 Your wallet was empty.
 Autopickup was off.

Final Characteristics:
 Your strength was 25 (base:17, innate limit:18/100).
 Your dexterity was 16 (peak:17, limit:18).
 Your constitution was 18 (limit:18).
 Your intelligence was 7 (limit:18).
 Your wisdom was 8 (limit:18).
 Your charisma was 8 (limit:18).

Final Status:
 You weren't hungry.
 You were burdened; movement was slightly slowed.
 You were wielding a two-handed sword.
 You were skilled in two-handed sword.

Final Attributes:
 You were piously aligned.
 You were poison resistant.
 You were level-drain resistant.
 You were telepathic.
 You were warded.
 You were a werewolf.
 You were harmed by silver.
 You are dead.

Miscellaneous:
 You encountered 2 bones levels.
 Total elapsed playing time was 1 hour, 33 minutes and 18 seconds.

Major events:
 Turn
    1: Barrb the neutral female human Barbarian entered the dungeon
  832: attained the rank of Pillager (level 3)
 1335: entered the Gnomish Mines
 3246: found Sting on the floor
 3265: attained the rank of Bandit (level 6)
 4608: reached Mine Town
 4695: killed by a werewolf

You didn't know any spells.

Skills:
 Fighting Skills
   bare handed combat [Basic]
   two weapon combat  [Unskilled]
   riding             [Unskilled]
 Weapon Skills
   dagger             [Unskilled]
   axe                [Basic]
   pick-axe           [Unskilled]
   short sword        [Unskilled]
   broadsword         [Unskilled]
   long sword         [Unskilled]
   two-handed sword   [Skilled]
   saber              [Unskilled]
   club               [Unskilled]
   mace               [Unskilled]
   morning star       [Unskilled]
   flail              [Unskilled]
   hammer             [Unskilled]
   quarterstaff       [Unskilled]
   spear              [Unskilled]
   trident            [Unskilled]
   bow                [Unskilled]
 Spellcasting Skills
   attack spells      [Unskilled]
   escape spells      [Unskilled]

Voluntary challenges:
 Character rerolling was not enabled.
 You never genocided any monsters.
 You never polymorphed an object.
 You never changed form.
 You used no wishes.
Achievements:
 You attained the rank of Pillager.
 You entered the Gnomish Mines.
 You entered a shop.
 You attained the rank of Bandit.
 You entered Minetown.

 The Dungeons of Doom: levels 1 to 5
    Level 1:
       A fountain.
    Level 2:
    Level 3:
       A fountain.
       Stairs down to The Gnomish Mines.
    Level 4:
       An armor shop, a grave.
    Level 5:
 The Gnomish Mines: levels 4 to 6
    Level 4:
       Final resting place for
          rudi-Wiz-Elf-Fem-Cha, killed by a bear trap.
    Level 5:
    Level 6: <- You were here.
       Final resting place for
          you, killed by a werewolf,
          irollones-Arc-Hum-Mal-Law, killed by a werewolf.


Vanquished creatures:
  a ghost
  3 wolves
  a gnome mummy
  a human zombie
 an orc shaman
  a rock mole
  2 ponies
  a fog cloud
  a shrieker
  a violet fungus
  a gnome leader
  a gray ooze
  a straw golem
  a giant ant
  3 floating eyes
  a kitten
  4 dwarves
  a homunculus
  5 hill orcs
  2 rothes
  a rabid rat
  a centipede
  2 orc zombies
  a dwarf zombie
  a wererat
 an iguana
  a hobbit
  2 hobgoblins
  2 giant rats
  5 cave spiders
  a brown mold
  a green mold
  8 gnomes
  3 garter snakes
  2 geckos
 11 jackals
  a kobold
  2 goblins
  4 sewer rats
  7 grid bugs
  7 lichens
  2 kobold zombies
  7 newts
106 creatures vanquished.

No species were genocided or became extinct.

Game over:
                       ----------
                      /          \
                     /    REST    \
                    /      IN      \
                   /     PEACE      \
                  /                  \
                  |      Barrb       |
                  |       0 Au       |
                  |   killed by a    |
                  |     werewolf     |
                  |                  |
                  |                  |
                  |       2026       |
                 *|     *  *  *      | *
        _________)/\\_//(\/(/\)/\//\/|_)_______

Goodbye Barrb the Barbarian...

You died in The Gnomish Mines on dungeon level 6 with 2838 points,
and 0 pieces of gold, after 4695 moves.
You were level 6 with a maximum of 70 hit points when you died.

